 Dungeon Crawl Stone Soup version 0.26-a0-852-g6321bf7485 (webtiles) character file.

Game seed: 8910602680301479321

84 jestyr24 the Conjurer (level 4, -1/36 HPs)
             Began as a Tengu Conjurer on Nov 21, 2020.
             Slain by a gnoll
             ... wielding a +0 spear
              (2 damage)
             ... on level 2 of the Dungeon.
             The game lasted 00:11:02 (1454 turns).

jestyr24 the Conjurer (Tengu Conjurer)              Turns: 1454, Time: 00:11:04

Health: -1/36      AC: 22    Str:  7    XL:     4   Next: 46%
Magic:  0/9        EV:  2    Int: 20    God:
Gold:   54         SH:  0    Dex: 12    Spells: 5/8 levels left

rFire    . . .     SeeInvis .   m - +1 dagger (venom)
rCold    . . .     Faith    .   (no shield)
rNeg     + + +     Spirit   .   (armour currently unavailable)
rPois    +         Reflect  .   (helmet currently unavailable)
rElec    .         Harm     .   (cloak currently unavailable)
rCorr    .         Rampage  .   (gloves currently unavailable)
MR       .....     NoTele   +   (boots unavailable)
Stlth    ++........             (no amulet)
HPRegen  0.12/turn              (no ring)
MPRegen  0.11/turn              (no ring)

@: lethally poisoned (-1 -> -3), tree-form
A: no striking features
a: no special abilities


You were on level 2 of the Dungeon.
You were a tree.
You visited 1 branch of the dungeon, and saw 2 of its levels.

You collected 54 gold pieces.

Inventory:

Hand Weapons
 d - a +0 club
 f - a +0 dagger
 i - a +0 dagger
 m - a +1 dagger of venom (weapon)
Missiles
 b - 54 stones (quivered)
 c - 21 sling bullets
 j - 6 boomerangs
Armour
 a - a +0 robe (melded)
Scrolls
 e - a scroll of identify {unknown}
 g - a scroll of noise {unknown}
 h - a scroll of enchant armour {unknown}
 k - a scroll of teleportation {unknown}


   Skills:
 * Level 0.5 Fighting
 + Level 0.1 Short Blades
 * Level 2.5 Dodging
 * Level 2.2 Stealth
 * Level 2.8 Spellcasting
 * Level 6.5 Conjurations


You had 5 spell levels left.
You knew the following spells:

 Your Spells              Type           Power        Failure   Level
a - Magic Dart            Conj           ####         1%          1
b - Searing Ray           Conj           ####..       1%          2

Your spell library contained the following spells:

 Spells                   Type           Power        Failure   Level
 Dazzling Flash           Conj/Hex       ###...       12%         3
 Fulminant Prism          Conj/Hex       ###.......   36%         4
 Iskenderun's Mystic Bla  Conj/Tloc      ###.....     36%         4


Dungeon Overview and Level Annotations

Branches:
Dungeon (2/15)

Altars:


Innate Abilities, Weirdness & Mutations

((You have a beak for a mouth.))
((You have claws for feet.))


Message History

You cannot move.
You cannot move.
Casting: Searing Ray (safe; 1% risk of failure)
Confirm with . or Enter, or press ? or * to list all spells.
Aiming: Magic Dart (safe; 1% risk of failure)
Press: ? - help, Shift-Dir - straight line, f - gnoll
Aim: a gnoll, wielding a +0 spear (heavily wounded)
The magic dart hits the gnoll.
The gnoll is heavily wounded.
* * * LOW HITPOINT WARNING * * *
You feel sick. The gnoll hits you but does no damage.
Casting: Magic Dart (safe; 1% risk of failure)
Confirm with . or Enter, or press ? or * to list all spells.
Aiming: Magic Dart (safe; 1% risk of failure)
Press: ? - help, Shift-Dir - straight line, f/p - gnoll
Aim: a gnoll, wielding a +0 spear (heavily wounded)
The magic dart hits the gnoll.
The gnoll is severely wounded.
The gnoll hits you from afar with a +0 spear.
You die...

#.# #.# #.# . #.# ..
#.. .#.# #.##### ##
.....##.#...##.####.#
#....))†...g†♣.......
..................#)#
..#...............#
#######...##......#
#####...# #######
#.......# #.###...#
#.###...#####
#...........#


You could see a gnoll.

Vanquished Creatures
  An adder (D:2)
  3 gnolls (D:2)
  An ooze (D:2)
  A worm (D:2)
  A dart slug (D:1)
  A giant cockroach (D:1)
  4 goblins (D:1)
  5 hobgoblins (D:1)
  2 jackals (D:1)
  6 kobolds
  3 bats (D:1)
  6 frilled lizards (D:1)
  3 rats (D:1)
37 creatures vanquished.

Notes
Turn   | Place    | Note
-------+----------+-------------------------------------------
     0 | D:1      | jestyr24 the Tengu Conjurer began the quest for the Orb.
     0 | D:1      | Reached XP level 1. HP: 10/10 MP: 4/4
   217 | D:1      | Reached XP level 2. HP: 9/15 MP: 4/6
   605 | D:1      | Learned a level 2 spell: Searing Ray
   610 | D:1      | Reached skill level 6 in Conjurations
   689 | D:1      | Reached XP level 3. HP: 19/19 MP: 1/7
  1440 | D:2      | Reached XP level 4. HP: 10/24 MP: 1/8
  1450 | D:2      | HP: 1/24 [gnoll/+0 spear (2)]
  1454 | D:2      | Slain by a gnoll

Illustrated notes

Levels and vault maps discovered:
D:1:      minmay_arrival_glassed_features, layout_loops_ring,
          kennysheep_decorative_pillar, chequers_serial_rivers_micro_c
D:2:      minmay_door_path, layout_loops_cross

Skill      XL: |  1  2 |
---------------+-------+-----
Conjurations   | 6 |  6.5
Fighting       | |  0.5
Short Blades   | |  0.1
Dodging        | |  2.5
Stealth        | |  2.2
Spellcasting   | |  2.8

Action                   |  1- 3 |  4- 6 || total
-------------------------+-------+-------++-------
Melee: Dagger            |     4 |     5 ||     9
       Kick              |       |     1 ||     1
 Cast: Magic Dart        |    47 |     2 ||    49
       Searing Ray       |     6 |       ||     6
  Use: Potion            |       |     1 ||     1
Armor: Robe              |     1 |     2 ||     3
       Skin              |       |     4 ||     4
Dodge: Dodged            |     5 |     9 ||    14

Table legend: (Time is in decaauts)
 A = Elapsed time spent in this place.
 B = Non-inter-level travel time spent in this place.
 C = Inter-level travel time spent in this place.
 D = Time resting spent in this place.
 E = Time spent auto-exploring this place.
 F = Levels seen in this place.
 G = Mean time per level.
                   A        B        C        D        E       F      G
               +--------+--------+--------+--------+--------+-----+--------+
         Total |   1452 |   1422 |     30 |    482 |    656 |   2 |  726.0 |
       Dungeon |   1452 |   1422 |     30 |    482 |    656 |   2 |  726.0 |
               +--------+--------+--------+--------+--------+-----+--------+

Top non-repeatable levels by time:
     D:1: 1224 daAuts
     D:2: 228 daAuts
